 Dungeon Crawl Stone Soup version 0.26-a0-610-g3e9335bbc7 (webtiles) character file.

Game seed: 16703683208000421132

35 Minion the Ruffian (level 3, -2/36 HPs)
             Began as a Troll Abyssal Knight on Sept 3, 2020.
             Was a Believer of Lugonu.
             Slain by an orc
             ... wielding a +0 hand axe
              (6 damage)
             ... on level 3 of the Dungeon on Dec 31, 2020.
             The game lasted 00:01:59 (492 turns).

Minion the Ruffian (Troll Abyssal Knight)            Turns: 492, Time: 00:02:00

Health: -2/36      AC:  6    Str: 20    XL:     3   Next: 17%
Magic:  3/3        EV: 10    Int:  8    God:    Lugonu [**....]
Gold:   51         SH:  0    Dex: 10    Spells: 2/2 levels left

rFire    . . .     SeeInvis .     - Unarmed
rCold    . . .     Faith    .   (no shield)
rNeg     . . .     Spirit   .   a - +0 robe
rPois    .         Reflect  .   (helmet restricted)
rElec    .         Harm     .   (no cloak)
rCorr    .                      (gloves unavailable)
MR       .....                  (boots unavailable)
Stlth    +.........             (no amulet)
HPRegen  0.52/turn              (no ring)
MPRegen  0.08/turn              (no ring)

@: no status effects
A: large, unfitting armour, claws 3, regeneration 1, shaggy fur 1, tough skin 3
a: Depart the Abyss, Bend Space, Renounce Religion


You were on level 3 of the Dungeon.
You worshipped Lugonu.
Lugonu was pleased with you.
You visited 1 branch of the dungeon, and saw 3 of its levels.
You visited the Abyss 1 time.

You collected 51 gold pieces.

Inventory:

Armour
 a - a +0 robe (worn)
Jewellery
 l - an uncursed ring of positive energy {unknown}
Scrolls
 f - a scroll of teleportation {unknown}
 g - a scroll of remove curse {unknown}
 i - a scroll of identify {unknown}
 k - a scroll of fear {unknown}
Potions
 b - 3 potions of flight {unknown}
 c - a potion of curing {unknown}
 d - 2 potions of might {unknown}
 e - 2 potions of lignification {unknown}
 h - 2 potions of cancellation {unknown}
 j - a potion of mutation {unknown}


   Skills:
 - Level 2.4 Fighting
 - Level 1.9 Dodging
 + Level 3.7 Unarmed Combat
 - Level 1.5 Invocations


You had 2 spell levels left.
You didn't know any spells.
Your spell library was empty.

Dungeon Overview and Level Annotations

Branches:
Dungeon (3/15)

Altars:

Annotations:
D:3 Sigmund


Innate Abilities, Weirdness & Mutations

You are too large for most types of armour.
You have claws for hands.
Your natural rate of healing is unusually fast.
You are covered in fur. (AC +1)
You have extremely tough skin. (AC +3)


Message History

Found 14 gold pieces.
Sigmund barely misses you. The orc closely misses you.
You feel less confused. Sigmund closely misses you. Sigmund barely misses you.
The orc hits you but does no damage. Sigmund completely misses you.
Sigmund closely misses you. The orc barely misses you.
Sigmund hits you from afar with a +0 scythe!
The orc barely misses you. Sigmund gestures at you while chanting.
The puff of flame hits you! Sigmund hits you but does no damage.
Sigmund barely misses you. Sigmund barely misses you.
The orc hits you with a +0 hand axe.
Sigmund hits you from afar with a +0 scythe!
* * * LOW HITPOINT WARNING * * *
Sigmund barely misses you. The orc hits you with a +0 hand axe.
You die...

#... +....
########+...
##.<........#
............#
............#
.....>.....<#
............#
......(.@...#
.......o.@..#
........$...#
............#
##..........#
#$.........#
############


You could see Sigmund and an orc.

Vanquished Creatures
  An ooze (D:1)
  A leopard gecko (D:1)
  3 bats
  A bat zombie (D:2)
  A giant cockroach (D:1)
  7 goblins
  4 hobgoblins (D:1)
  A ball python (D:1)
  4 kobolds
  5 rats
28 creatures vanquished.

Notes
Turn   | Place    | Note
-------+----------+-------------------------------------------
     0 | Abyss:1  | Minion the Troll Abyssal Knight began the quest for the
                  | Orb.
     0 | Abyss:1  | Reached XP level 1. HP: 22/22 MP: 1/1
     8 | D:1      | Escaped the Abyss
   159 | D:1      | Reached XP level 2. HP: 29/29 MP: 2/2
   211 | D:1      | Reached skill level 3 in Unarmed Combat
   274 | D:1      | Reached ** piety under Lugonu
   301 | D:1      | Reached XP level 3. HP: 33/36 MP: 3/3
   469 | D:3      | Noticed Sigmund
   492 | D:3      | Slain by an orc

Illustrated notes

Levels and vault maps discovered:
D:1:      dpeg_arrival_round_a, layout_loops_ring, hangedman_decor_riveting
D:2:      layout_loops_ring, lemuel_doored_altar, serial_undead,
          serial_undead_b, serial_undead_c, serial_undead_e, serial_undead_e,
          uniq_terence
D:3:      layout_basic, grunt_ministairs_1, uniq_sigmund, uniq_robin

Skill      XL: |  1  2 |
---------------+-------+-----
Unarmed Combat | 3 |  3.7
Fighting       | |  2.4
Dodging        | |  1.9
Invocations    | |  1.5

Action                   || total
-------------------------++-------
Melee: Unarmed           ||    64
Armor: Robe              ||    22
Dodge: Dodged            ||    41

Table legend: (Time is in decaauts)
 A = Elapsed time spent in this place.
 B = Non-inter-level travel time spent in this place.
 C = Inter-level travel time spent in this place.
 D = Time resting spent in this place.
 E = Time spent auto-exploring this place.
 F = Levels seen in this place.
 G = Mean time per level.
                   A        B        C        D        E       F      G
               +--------+--------+--------+--------+--------+-----+--------+
         Total |    488 |    488 |      0 |      0 |    315 |   4 |  122.0 |
       Dungeon |    480 |    480 |      0 |      0 |    310 |   3 |  160.0 |
         Abyss |      8 |      8 |      0 |      0 |      5 |   1 |    8.0 |
               +--------+--------+--------+--------+--------+-----+--------+

Top non-repeatable levels by time:
     D:1: 325 daAuts
     D:2: 131 daAuts
     D:3: 22 daAuts
 Abyss:1: 8 daAuts
